TOP OF THE 1ST |
Windy City ThunderBolts batting - Pitching for Hamilton Cardinals : RHP Ji-e Shuai
|
Pitching: RHP Ji-e Shuai
|
|
Batting: RHB Joe Thomas
|
0-0: Ball 1-0: Foul Ball, location: 2F 1-1: Ground out 5-3 (Groundball, 56S, EV 78.8 MPH)
|
Batting: SHB Dan Strickland
|
0-0: Ball 1-0: Ball 2-0: Ball 3-0: Base on Balls
|
Batting: RHB Paul Holland
|
0-0: SINGLE (Flyball, 89M, EV 95.6 MPH) Dan Strickland to second
|
Batting: RHB Bellchior Osuna
|
0-0: DOUBLE (Flyball, 89D, EV 100.6 MPH) Dan Strickland scores Paul Holland to third
|
Batting: RHB Eddie Dimas
|
0-0: Called Strike 0-1: Swinging Strike 0-2: Foul Ball, location: 2F 0-2: Strikes out swinging
|
Batting: RHB Donovan Deason
|
0-0: Called Strike 0-1: Ball 1-1: Ball 2-1: DOUBLE (Groundball, 5L, EV 95.0 MPH) Paul Holland scores Bellchior Osuna scores
|
Batting: RHB Klaus Brown
|
0-0: Foul Ball, location: 2F 0-1: Foul Ball, location: 2F 0-2: Ball 1-2: Fly out, F9 (Line Drive, 9, EV 90.0 MPH)
|
Top of the 1st over - 3 runs, 3 hits, 0 errors, 1 left on base; Windy City 3 - Hamilton 0 |
BOTTOM OF THE 1ST |
Hamilton Cardinals batting - Pitching for Windy City ThunderBolts : RHP J.J. Donovan
|
Pitching: RHP J.J. Donovan
|
|
Batting: RHB Jeff Gale
|
0-0: Called Strike 0-1: Fly out, F9 (Flyball, 9LM, EV 98.1 MPH)
|
Batting: LHB Josh Levin
|
0-0: Ball 1-0: Foul Ball, location: 2F 1-1: Called Strike 1-2: Strikes out swinging
|
Batting: SHB Kelly Brooks
|
0-0: Foul Ball, location: 2F 0-1: Ball 1-1: Ball 2-1: Ball 3-1: Base on Balls
|
Batting: LHB Jonathan Barker
|
0-0: Ball 1-0: Ball 2-0: Foul Ball, location: 2F 2-1: Swinging Strike 2-2: Strikes out swinging
|
Bottom of the 1st over - 0 runs, 0 hits, 0 errors, 1 left on base; Windy City 3 - Hamilton 0 |
TOP OF THE 2ND |
Windy City ThunderBolts batting - Pitching for Hamilton Cardinals : RHP Ji-e Shuai
|
Batting: RHB Camillo Bonauiti
|
0-0: Swinging Strike 0-1: Foul Ball, location: 2F 0-2: Ball 1-2: Foul Ball, location: 2F 1-2: Foul Ball, location: 2F 1-2: Ball 2-2: Foul Ball, location: 2F 2-2: Ball 3-2: Foul Ball, location: 2F 3-2: SINGLE (Groundball, 4, EV 101.9 MPH)
|
Batting: RHB Nhat Phong
|
0-0: Foul Ball, location: 2F 0-1: Ball 1-1: Ball 2-1: Ball 3-1: Foul Ball, location: 2F 3-2: Base on Balls Camillo Bonauiti to second
|
Batting: RHB Joe Thomas
|
0-0: Ball 1-0: Called Strike 1-1: Fly out, F7 (Flyball, 7D, EV 106.2 MPH)
|
Batting: SHB Dan Strickland
|
0-0: Called Strike 0-1: Ball 1-1: Swinging Strike 1-2: Foul Ball, location: 2F 1-2: Foul Ball, location: 2F 1-2: Ball 2-2: Reached on error, E5 (Groundball, 56S, EV 81.2 MPH) Camillo Bonauiti to third Nhat Phong to second
|
Batting: RHB Paul Holland
|
0-0: Fielders Choice at 2nd, 4-6 (Groundball, 34, EV 102.5 MPH) Camillo Bonauiti scores Nhat Phong to third
|
Batting: RHB Bellchior Osuna
|
0-0: Called Strike 0-1: Fly out, F5 (Popup, 5D, EV 47.5 MPH)
|
Top of the 2nd over - 1 run, 1 hit, 1 error, 2 left on base; Windy City 4 - Hamilton 0 |
BOTTOM OF THE 2ND |
Hamilton Cardinals batting - Pitching for Windy City ThunderBolts : RHP J.J. Donovan
|
Batting: RHB Kevin McGaughey
|
0-0: DOUBLE (Flyball, 8LXD, EV 101.9 MPH)
|
Batting: LHB Steven Higgs
|
0-0: Ball 1-0: Called Strike 1-1: Called Strike 1-2: Strikes out looking
|
Batting: SHB Jae-hong Kym
|
0-0: Called Strike 0-1: Ball 1-1: Ball 2-1: Ground out 6-3 (Groundball, 6, EV 81.9 MPH)
|
Batting: LHB John Stewart
|
0-0: Ball 1-0: Swinging Strike 1-1: Fly out, F8 (Flyball, 78D, EV 94.4 MPH)
|
Bottom of the 2nd over - 0 runs, 1 hit, 0 errors, 1 left on base; Windy City 4 - Hamilton 0 |
TOP OF THE 3RD |
Windy City ThunderBolts batting - Pitching for Hamilton Cardinals : RHP Ji-e Shuai
|
Batting: RHB Eddie Dimas
|
0-0: Ball 1-0: Ball 2-0: Called Strike 2-1: Foul Ball, location: 2F 2-2: Foul Ball, location: 2F 2-2: Foul Ball, location: 2F 2-2: Foul Ball, location: 2F 2-2: Foul Ball, location: 2F 2-2: SINGLE (Line Drive, 3D, EV 101.2 MPH)
|
Batting: RHB Donovan Deason
|
0-0: Called Strike 0-1: Ball 1-1: SINGLE (Groundball, 6MD, EV 97.5 MPH) Eddie Dimas to second
|
Batting: RHB Klaus Brown
|
0-0: Called Strike 0-1: Called Strike 0-2: Foul Ball, location: 2F 0-2: Ball 1-2: Fly out, F5 (Popup, 5SF, EV 75.6 MPH)
|
Batting: RHB Camillo Bonauiti
|
0-0: Swinging Strike 0-1: Ball 1-1: Swinging Strike 1-2: Strikes out swinging
|
Batting: RHB Nhat Phong
|
0-0: Fly out, F8 (Flyball, 8RXD, EV 106.2 MPH)
|
Top of the 3rd over - 0 runs, 2 hits, 0 errors, 2 left on base; Windy City 4 - Hamilton 0 |
BOTTOM OF THE 3RD |
Hamilton Cardinals batting - Pitching for Windy City ThunderBolts : RHP J.J. Donovan
|
Batting: RHB Oscar Higareda
|
0-0: Ball 1-0: Swinging Strike 1-1: Ground out 4-3 (Groundball, 4D, EV 83.1 MPH)
|
Batting: RHB Jeff Gale
|
0-0: Ball 1-0: Ball 2-0: Fly out, F9 (Line Drive, 9, EV 90.0 MPH)
|
Batting: LHB Josh Levin
|
0-0: Foul Ball, location: 2F 0-1: Hit by Pitch
|
Batting: SHB Kelly Brooks
|
0-0: Ball 1-0: Called Strike 1-1: Swinging Strike 1-2: Ball 2-2: Strikes out looking
|
Bottom of the 3rd over - 0 runs, 0 hits, 0 errors, 1 left on base; Windy City 4 - Hamilton 0 |
TOP OF THE 4TH |
Windy City ThunderBolts batting - Pitching for Hamilton Cardinals : RHP Ji-e Shuai
|
Batting: RHB Joe Thomas
|
0-0: Ball 1-0: Swinging Strike 1-1: Ball 2-1: Foul Ball, location: 2F 2-2: Reached on error, E5 (Groundball, 56S, EV 81.2 MPH)
|
Batting: SHB Dan Strickland
|
0-0: Called Strike Joe Thomas steals 2nd base 0-1: Ball 1-1: Called Strike 1-2: Ball 2-2: Ball 3-2: Fly out, F8 (Line Drive, 8LM, EV 96.9 MPH)
|
Pitching: RHP Norietsu Higashi
|
|
Batting: RHB Paul Holland
|
0-0: Ball 1-0: Foul Ball, location: 2F 1-1: Fly out, F8 (Flyball, 8LM, EV 81.2 MPH)
|
Batting: RHB Bellchior Osuna
|
0-0: Ball 1-0: Called Strike 1-1: SINGLE (Groundball, 5S, EV 71.2 MPH) (infield hit) Joe Thomas to third
|
Batting: RHB Eddie Dimas
|
0-0: Called Strike 0-1: Ball 1-1: Called Strike 1-2: Strikes out looking
|
Top of the 4th over - 0 runs, 1 hit, 1 error, 2 left on base; Windy City 4 - Hamilton 0 |
BOTTOM OF THE 4TH |
Hamilton Cardinals batting - Pitching for Windy City ThunderBolts : RHP J.J. Donovan
|
Batting: LHB Jonathan Barker
|
0-0: Called Strike 0-1: Ball 1-1: Ball 2-1: Swinging Strike 2-2: Strikes out swinging
|
Batting: RHB Kevin McGaughey
|
0-0: Ball 1-0: Ball 2-0: Called Strike 2-1: Swinging Strike 2-2: Ball 3-2: Strikes out swinging
|
Batting: LHB Steven Higgs
|
0-0: Fly out, F8 (Flyball, 8RD, EV 105.6 MPH)
|
Bottom of the 4th over - 0 runs, 0 hits, 0 errors, 0 left on base; Windy City 4 - Hamilton 0 |
TOP OF THE 5TH |
Windy City ThunderBolts batting - Pitching for Hamilton Cardinals : RHP Norietsu Higashi
|
Batting: RHB Donovan Deason
|
0-0: Ground out 6-3 (Groundball, 6, EV 86.2 MPH)
|
Batting: RHB Klaus Brown
|
0-0: Ball 1-0: Called Strike 1-1: SOLO HOME RUN (Flyball, 9D, EV 99.4 MPH), Distance : 404 ft
|
Batting: RHB Camillo Bonauiti
|
0-0: Ball 1-0: Ball 2-0: Ball 3-0: Called Strike 3-1: Fly out, F9 (Flyball, 89S, EV 90.6 MPH)
|
Batting: RHB Nhat Phong
|
0-0: Swinging Strike 0-1: Called Strike 0-2: Strikes out swinging
|
Top of the 5th over - 1 run, 1 hit, 0 errors, 0 left on base; Windy City 5 - Hamilton 0 |
BOTTOM OF THE 5TH |
Hamilton Cardinals batting - Pitching for Windy City ThunderBolts : RHP J.J. Donovan
|
Batting: SHB Jae-hong Kym
|
0-0: Ball 1-0: Swinging Strike 1-1: Fly out, F7 (Flyball, 78M, EV 91.2 MPH)
|
Batting: LHB John Stewart
|
0-0: Ball 1-0: Called Strike 1-1: Ball 2-1: Called Strike 2-2: Strikes out swinging
|
Batting: RHB Oscar Higareda
|
0-0: Fly out, F8 (Flyball, 8RXD, EV 86.9 MPH)
|
Bottom of the 5th over - 0 runs, 0 hits, 0 errors, 0 left on base; Windy City 5 - Hamilton 0 |
TOP OF THE 6TH |
Windy City ThunderBolts batting - Pitching for Hamilton Cardinals : RHP Norietsu Higashi
|
Batting: RHB Joe Thomas
|
0-0: Called Strike 0-1: Fly out, F5 (Line Drive, 56, EV 68.8 MPH)
|
Batting: SHB Dan Strickland
|
0-0: Called Strike 0-1: Ball 1-1: Foul Ball, location: 2F 1-2: Ball 2-2: Foul Ball, location: 2F 2-2: Fly out, F8 (Flyball, 8LS, EV 78.8 MPH)
|
Batting: RHB Paul Holland
|
0-0: Fly out, F9 (Flyball, 9S, EV 73.1 MPH)
|
Top of the 6th over - 0 runs, 0 hits, 0 errors, 0 left on base; Windy City 5 - Hamilton 0 |
BOTTOM OF THE 6TH |
Hamilton Cardinals batting - Pitching for Windy City ThunderBolts : RHP J.J. Donovan
|
Batting: RHB Jeff Gale
|
0-0: Swinging Strike 0-1: Swinging Strike 0-2: Strikes out looking
|
Batting: LHB Josh Levin
|
0-0: Ball 1-0: Ball 2-0: Ground out U3 (Groundball, 3, EV 80.6 MPH)
|
Batting: SHB Kelly Brooks
|
0-0: Called Strike 0-1: Ball 1-1: Ball 2-1: Ball 3-1: Base on Balls
|
Batting: LHB Jonathan Barker
|
0-0: Ball 1-0: SINGLE (Groundball, 6MD, EV 107.5 MPH) Kelly Brooks to second Runner from 2nd tries for 3rd, SAFE, throw by CF made to third
|
Batting: RHB Kevin McGaughey
|
0-0: Called Strike 0-1: Foul Ball, location: 2F 0-2: Strikes out looking
|
Bottom of the 6th over - 0 runs, 1 hit, 0 errors, 2 left on base; Windy City 5 - Hamilton 0 |
TOP OF THE 7TH |
Windy City ThunderBolts batting - Pitching for Hamilton Cardinals : RHP Norietsu Higashi
|
Batting: RHB Bellchior Osuna
|
0-0: Foul Ball, location: 2F 0-1: Ball 1-1: Fly out, F7 (Flyball, 7LS, EV 90.0 MPH)
|
Batting: RHB Eddie Dimas
|
0-0: Ground out 4-3 (Groundball, 34, EV 91.2 MPH)
|
Batting: RHB Donovan Deason
|
0-0: Ground out 5-3 (Groundball, 56, EV 85.6 MPH)
|
Top of the 7th over - 0 runs, 0 hits, 0 errors, 0 left on base; Windy City 5 - Hamilton 0 |
BOTTOM OF THE 7TH |
Hamilton Cardinals batting - Pitching for Windy City ThunderBolts : RHP J.J. Donovan
|
Batting: LHB Steven Higgs
|
0-0: Called Strike 0-1: Ball 1-1: Called Strike 1-2: Strikes out swinging
|
Batting: SHB Jae-hong Kym
|
0-0: Ball 1-0: Ball 2-0: Foul Ball, location: 2F 2-1: Called Strike 2-2: SINGLE (Groundball, 6MD, EV 103.1 MPH)
|
Batting: LHB John Stewart
|
0-0: Ball 1-0: Called Strike 1-1: Called Strike 1-2: Ball 2-2: Strikes out swinging
|
Batting: RHB Oscar Higareda
|
0-0: Foul Ball, location: 2F 0-1: Ball 1-1: Foul Ball, location: 2F 1-2: Ball 2-2: Foul Ball, location: 2F 2-2: Ball 3-2: SINGLE (Flyball, 89S, EV 95.0 MPH) Jae-hong Kym to second Jae-hong Kym to third
|
Batting: RHB Jeff Gale
|
0-0: Ball 1-0: Swinging Strike 1-1: Foul Ball, location: 2F 1-2: Foul Ball, location: 2F 1-2: Strikes out looking
|
Bottom of the 7th over - 0 runs, 2 hits, 0 errors, 2 left on base; Windy City 5 - Hamilton 0 |
TOP OF THE 8TH |
Windy City ThunderBolts batting - Pitching for Hamilton Cardinals : RHP Norietsu Higashi
|
Batting: RHB Klaus Brown
|
0-0: Ball 1-0: Foul Ball, location: 2F 1-1: Called Strike 1-2: DOUBLE (Flyball, 78XD, EV 100.6 MPH)
|
Batting: RHB Camillo Bonauiti
|
0-0: Ball 1-0: Foul Ball, location: 2F 1-1: Foul Ball, location: 2F 1-2: Strikes out swinging
|
Batting: RHB Nhat Phong
|
0-0: Ball 1-0: Foul Ball, location: 2F 1-1: Called Strike 1-2: SINGLE (Groundball, 6MD, EV 105.6 MPH) Klaus Brown to third Runner from 3rd tries for Home, throw by CF and OUT! 8-2
|
Batting: RHB Joe Thomas
|
0-0: Ground out 4-3 (Groundball, 4D, EV 98.1 MPH)
|
Top of the 8th over - 0 runs, 2 hits, 0 errors, 1 left on base; Windy City 5 - Hamilton 0 |
BOTTOM OF THE 8TH |
Hamilton Cardinals batting - Pitching for Windy City ThunderBolts : RHP J.J. Donovan
|
Batting: LHB Josh Levin
|
0-0: Ball 1-0: Called Strike 1-1: Ball 2-1: Foul Ball, location: 2F 2-2: Ball 3-2: Base on Balls
|
Pitching: RHP Jeremy Brown
|
|
Batting: SHB Kelly Brooks
|
0-0: Fly out, F7 (Flyball, 7LS, EV 74.4 MPH)
|
Batting: LHB Jonathan Barker
|
0-0: Ball 1-0: Called Strike 1-1: Ball 2-1: Ball 3-1: Foul Ball, location: 2F 3-2: Ground out 6-3 (Groundball, 6MD, EV 104.4 MPH) Josh Levin to second
|
Batting: RHB Kevin McGaughey
|
0-0: Ball 1-0: Foul Ball, location: 2F 1-1: Foul Ball, location: 2F 1-2: 2-RUN HOME RUN (Flyball, 78XD, EV 100.6 MPH), Distance : 407 ft
|
Batting: LHB Steven Higgs
|
0-0: Ground out 3-1 (Groundball, 34, EV 110.6 MPH)
|
Bottom of the 8th over - 2 runs, 1 hit, 0 errors, 0 left on base; Windy City 5 - Hamilton 2 |
TOP OF THE 9TH |
Windy City ThunderBolts batting - Pitching for Hamilton Cardinals : RHP Norietsu Higashi
|
Pitching: LHP Kevin Snider
|
|
Batting: SHB Dan Strickland
|
0-0: Called Strike 0-1: SINGLE (Groundball, 6M, EV 110.6 MPH) (infield hit)
|
Batting: RHB Paul Holland
|
0-0: Ball 1-0: Foul Ball, location: 2F 1-1: SINGLE (Groundball, 4S, EV 63.1 MPH) (infield hit) Dan Strickland to second
|
Batting: RHB Bellchior Osuna
|
0-0: 3-RUN HOME RUN (Flyball, 78XD, EV 103.8 MPH), Distance : 403 ft
|
Batting: RHB Eddie Dimas
|
0-0: Ground out 6-3 (Groundball, 4M, EV 93.1 MPH)
|
Batting: RHB Donovan Deason
|
0-0: Foul Ball, location: 2F 0-1: Swinging Strike 0-2: Ball 1-2: Strikes out looking
|
Batting: RHB Klaus Brown
|
0-0: Swinging Strike 0-1: Swinging Strike 0-2: Foul Ball, location: 2F 0-2: Ball 1-2: Strikes out looking
|
Top of the 9th over - 3 runs, 3 hits, 0 errors, 0 left on base; Windy City 8 - Hamilton 2 |
BOTTOM OF THE 9TH |
Hamilton Cardinals batting - Pitching for Windy City ThunderBolts : RHP Jeremy Brown
|
Batting: SHB Jae-hong Kym
|
0-0: Swinging Strike 0-1: Ball 1-1: Ball 2-1: Foul Ball, location: 2F 2-2: SINGLE (Flyball, 8RS, EV 94.4 MPH)
|
Pinch Hitting: RHB Matt Shaw
|
0-0: Called Strike 0-1: Ball 1-1: Fly out, F8 (Flyball, 8RM, EV 90.6 MPH)
|
Batting: RHB Oscar Higareda
|
0-0: Foul Ball, location: 2F 0-1: Ball 1-1: Swinging Strike 1-2: Ball 2-2: Strikes out swinging
|
Batting: RHB Jeff Gale
|
0-0: Called Strike 0-1: SINGLE (Line Drive, 7S, EV 98.8 MPH) Jae-hong Kym to second
|
Batting: LHB Josh Levin
|
0-0: Ball 1-0: Ball 2-0: Swinging Strike 2-1: Foul Ball, location: 2F 2-2: Ball 3-2: Base on Balls Jae-hong Kym to third Jeff Gale to second
|
Batting: SHB Kelly Brooks
|
0-0: Called Strike 0-1: DOUBLE (Line Drive, 3D, EV 95.6 MPH) Jae-hong Kym scores Jeff Gale scores Josh Levin to third
|
Pitching: LHP Dane Preston
|
|
Batting: LHB Jonathan Barker
|
0-0: Ball 1-0: Ball 2-0: Hit by Pitch
|
Batting: RHB Kevin McGaughey
|
0-0: Ball 1-0: Ball 2-0: Swinging Strike 2-1: SINGLE (Line Drive, 7S, EV 95.0 MPH) Josh Levin scores Kelly Brooks to third Jonathan Barker to second
|
Batting: LHB Steven Higgs
|
0-0: Called Strike 0-1: Ball 1-1: Ground out U3 (Groundball, 3, EV 98.8 MPH)
|
Bottom of the 9th over - 3 runs, 4 hits, 0 errors, 3 left on base; Windy City 8 - Hamilton 5 |
|